 Dungeon Crawl Stone Soup version 0.32-a0-407-g4da7c8d6d1 (webtiles) character file.

Game seed: 16673807421941235224

3144 michi1438 the Chopper (level 9, -1/100 HPs)
             Began as a Coglin Gladiator on Feb 20, 2024.
             Was a Priest of Qazlal.
             Slain by a killer bee (6 damage)
             ... on level 8 of the Dungeon.
             The game lasted 00:32:49 (8080 turns).

michi1438 the Chopper (Coglin Gladiator)            Turns: 8080, Time: 00:32:50

Health: -1/100     AC: 24    Str: 20    XL:     9   Next: 93%
Magic:  9/9        EV:  2    Int: 16    God:    Qazlal [***...]
Gold:   508        SH:  0    Dex: 19    Spells: 8/8 levels left

rFire   . . .        w - +6 hand axe of the Transmuting Gods {flame, Int+3 SInv}
rCold   . . .        o - +7 trident of Wigusiu {flame, rElec Str+2}
rNeg    . . .        b - melded +0 leather armour
rPois   +            c - melded +0 helmet
rElec   +            (cloak currently unavailable)
rCorr   +            y - melded +0 pair of gloves
SInv    +            (boots currently unavailable)
Will    .....        (no amulet)
Stlth   +            A - ring of the Beastly Breadfruit {Int+6 Dex+2}
HPRegen 0.36/turn    K - ring of resist corrosion
MPRegen 0.11/turn

%: no passive effects
@: confused, lethally poisoned (-1 -> -26), tree-form, attractive, invisible,
revving
A: stationary, stasis, torment immunity, boosted hp, off-hand wielding, slow
wielding, warmup strikes, (legs shutdown)
a: Renounce Religion, Upheaval, Elemental Force


You were on level 8 of the Dungeon.
You worshipped Qazlal.
Qazlal was most pleased with you.
You were a tree.
You visited 2 branches of the dungeon, and saw 9 of its levels.
You also visited: Sewer.

You collected 508 gold pieces.

Inventory:

Hand Weapons
 o - the +7 trident of Wigusiu (offhand) {flame, rElec Str+2}
   (You found it on level 2 of the Dungeon)

   Str+2:     It affects your strength (+2).
   rElec:     It insulates you from electricity.
 w - the +6 hand axe of the Transmuting Gods (weapon) {flame, Int+3 SInv}
   (You took it off a gnoll on level 3 of the Dungeon)

   Int+3:     It affects your intelligence (+3).
   SInv:      It lets you see invisible.
Missiles
 d - a throwing net
 e - 7 javelins
 z - 20 poisoned darts (quivered)
 G - a curare-tipped dart
Armour
 b - a +0 leather armour (melded)
 c - a +0 helmet (melded)
 y - a +0 pair of gloves (melded)
Jewellery
 A - the ring of the Beastly Breadfruit (left branch) {Int+6 Dex+2}
   (You found it on level 4 of the Dungeon)

   [ring of intelligence]

   Int+6:     It affects your intelligence (+6).
   Dex+2:     It affects your dexterity (+2).
 K - a ring of resist corrosion (right branch)
 N - a ring of see invisible
Wands
 I - a wand of mindburst (25)
 L - a wand of polymorph (8)
Scrolls
 g - a scroll of vulnerability {unknown}
 h - a scroll of immolation {unknown}
 l - a scroll of amnesia {unknown}
 n - 9 scrolls of teleportation
 r - 5 scrolls of poison
 s - 2 scrolls of enchant weapon
 v - 2 scrolls of torment
 C - 2 scrolls of blinking
 D - 3 scrolls of butterflies
 F - 3 scrolls of fear
Potions
 a - a potion of enlightenment {unknown}
 f - 3 potions of heal wounds
 i - a potion of degeneration {unknown}
 j - a potion of brilliance {unknown}
 k - a potion of lignification
 p - a potion of berserk rage {unknown}
 q - 2 potions of invisibility
 u - 2 potions of mutation {unknown}
 x - 2 potions of curing {unknown}
 B - a potion of attraction
 E - 2 potions of magic
 H - a potion of experience {unknown}
 J - a potion of haste {unknown}
 M - a potion of cancellation {unknown}
 O - a potion of ambrosia {unknown}


   Skills:
 + Level 4.9 Fighting
 + Level 1.3(2.9) Short Blades
 + Level 4.4(4.6) Long Blades
 + Level 6.3(7.4) Axes
 + Level 5.4(6.6) Polearms
 + Level 3.9 Throwing
 + Level 3.7 Armour
 + Level 5.0 Dodging
 + Level 2.3 Stealth
 + Level 0.7 Shields
 + Level 0.3 Invocations


You had 8 spell levels left.
You didn't know any spells.
Your spell library contained the following spells:

 Spells                   Type           Power      Damage    Failure   Level
 Freeze                   Ice            0%         1d3       26%         1
 Necrotise                Necr           0%         1d4       26%         1
 Sting                    Conj/Alch      0%         1d3       26%         1
 Summon Small Mammal      Summ           0%         N/A       26%         1
 Blink                    Tloc           0%         N/A       36%         2
 Lesser Beckoning         Tloc           0%         N/A       36%         2
 Mercury Vapours          Alch/Air       0%         N/A       36%         2
 Momentum Strike          Conj/Tloc      0%         3d8       36%         2
 Call Canine Familiar     Summ           0%         N/A       58%         3
 Frozen Ramparts          Ice            0%         1d1       58%         3
 Fugue of the Fallen      Necr           0%         N/A       58%         3
 Hailstorm                Conj/Ice       0%         3d5       58%         3
 Mephitic Cloud           Conj/Alch/Air  0%         N/A       58%         3
 Ozocubu's Armour         Ice            0%         N/A       58%         3
 Vampiric Draining        Necr           0%         2d6       58%         3
 Volatile Blastmotes      Fire/Tloc      0%         2d10      58%         3
 Animate Armour           Summ/Erth      0%         N/A       94%         4
 Fulminant Prism          Conj/Alch      0%         3d5       94%         4
 Iskenderun's Mystic Bla  Conj/Tloc      0%         2d3       94%         4
 Manifold Assault         Tloc           0%         N/A       94%         4
 Martyr's Knell           Necr/Summ      0%         N/A       94%         4
 Olgreb's Toxic Radiance  Alch           0%         N/A       94%         4
 Summon Blazeheart Golem  Fire/Summ      0%         N/A       94%         4
 Summon Lightning Spire   Summ/Air       0%         N/A       94%         4
 Curse of Agony           Necr           0%         N/A       100%        5
 Freezing Cloud           Conj/Ice/Air   0%         6-21      100%        5
 Lee's Rapid Deconstruct  Erth           0%         3d4*      100%        5


Dungeon Overview and Level Annotations

Branches:
Dungeon (8/15)             Temple (1/1) D:4           Sewer (visited)
   Lair: D:8-11

Altars:
Ashenzari
Cheibriados
Dithmenos
Elyvilon
Gozag
Hepliaklqana
Kikubaaqudgha
Makhleb
Nemelex Xobeh
Okawaru
Qazlal
Ru
Sif Muna
Uskayaw
Vehumet
Wu Jian
Xom
Yredelemnul
Zin
The Shining One
Lugonu

Portals:
Abyss: D:7


Innate Abilities, Weirdness & Mutations

You are a tree.
Your roots penetrate the ground, keeping you stationary.
You cannot be teleported.
You are immune to unholy pain and torment.
Your maximum health is greatly increased.
Your equipment is partially melded.
You can wield a second weapon in your off-hand.
It takes a long time for you to wield or remove held weapons.
Your first few attacks do less damage.
((Attacking and casting redirects power from your legs.))


Message History

* * * LOW HITPOINT WARNING * * *
You feel very sick. The killer bee closely misses you.
The killer bee barely misses you. The killer bee misses you.
The killer bee barely misses you. The killer bee stings you.
* * * LOW HITPOINT WARNING * * *
You are more poisoned.
The killer bee poisons you! The killer bee misses you.
The killer bee barely misses you. The killer bee misses you.
You feel much better.
You feel extremely sick. The killer bee stings you.
You are more poisoned.
The killer bee poisons you! The killer bee closely misses you.
The killer bee stings you.
You are more poisoned.
The killer bee poisons you! The killer bee barely misses you.
The killer bee stings you.
* * * LOW HITPOINT WARNING * * *
The killer bee closely misses you. x2
The killer bee stings you but does no damage.
It was a potion of lignification.
You turn into a tree.
Your +0 helmet melds into your body.
Your +0 pair of gloves melds into your body.
Your +0 leather armour melds into your body.
Your roots penetrate the ground.
* * * LOW HITPOINT WARNING * * *
You feel extremely sick.
The killer bee stings you but does no damage. x3
The killer bee barely misses you.
The killer bee stings you but does no damage. x4
It was a potion of attraction.
You feel attractive to monsters.
* * * LOW HITPOINT WARNING * * *
You feel extremely sick.
The killer bee stings you but does no damage. x4
The killer bee is engulfed in a thunderstorm.
The killer bee stings you but does no damage. x3
The killer bee stings you.
You die...

### ..# ###.#
.... #.o####
#yyy..+ #y♣# #..#
#..## #...# ###.#
#.# #.#
#.#########
#.###.#.........#
#.##.......###.##


You could see 4 killer bees and an orc (unable to see you).

Vanquished Creatures
  Pikel (D:5)
  Grinder (D:6)
  A black bear (D:7)
  3 centaurs
  2 lemures (D:5)
  4 kobold brigands
  A phantom (D:6)
  2 gnoll sergeants
  4 wights (D:8)
  9 killer bees
  3 howler monkeys (D:8)
  3 bombardier beetles
  3 orc priests
  A sleepcap (D:6)
  4 iguanas
  4 orc wizards
  Robin (D:4)
  12 gnolls
  11 adders
  A river rat (Sewer)
  A shadow imp (D:6)
  5 white imps
  2 ufetubi (D:6)
  3 dart slugs
  2 ribbon worms
  11 orcs
  7 endoplasms
  7 giant cockroaches
  23 goblins
  7 hobgoblins
  9 jackals
  5 quokkas (D:5)
  9 ball pythons
  5 bats
  2 frilled lizards (D:2)
  17 kobolds
  2 rats
188 creatures vanquished.

Vanquished Creatures (others)
  A lurking horror (D:7)
1 creature vanquished.

Grand Total: 189 creatures vanquished

Notes
Turn   | Place    | Note
-------+----------+-------------------------------------------
     0 | D:1      | michi1438 the Coglin Gladiator began the quest for the Orb.
     0 | D:1      | Reached XP level 1. HP: 16/16 MP: 1/1
   198 | D:1      | Reached XP level 2. HP: 21/22 MP: 2/2
   295 | D:1      | Reached XP level 3. HP: 24/27 MP: 3/3
   659 | D:2      | Identified the +7 trident of Wigusiu {flame, rElec Str+2}
   721 | D:2      | Reached skill level 1 in Short Blades
   721 | D:2      | Reached XP level 4. HP: 33/33 MP: 4/4
  1494 | D:3      | Reached XP level 5. HP: 39/39 MP: 5/5
  1630 | D:3      | Reached skill level 1 in Polearms
  1837 | D:3      | Identified the +6 hand axe of the Transmuting Gods {flame,
                  | Int+3 SInv}
  1999 | D:3      | Reached XP level 6. HP: 46/46 MP: 6/6
  2804 | D:4      | Found a staircase to the Ecumenical Temple.
  2929 | Temple   | Entered the Ecumenical Temple
  2949 | Temple   | Became a worshipper of Qazlal Stormbringer
  3004 | D:4      | Reached skill level 1 in Armour
  3082 | D:4      | Found a shadowy altar of Dithmenos.
  3257 | D:4      | Noticed Robin
  3265 | D:4      | Killed Robin
  3265 | D:4      | Reached * piety under Qazlal
  3311 | D:4      | Identified the ring of the Beastly Breadfruit {Int+6 Dex+2}
  3768 | D:5      | Entered Level 5 of the Dungeon
  3778 | D:5      | Noticed Pikel
  3792 | D:5      | Killed Pikel
  3793 | D:5      | Reached skill level 2 in Axes
  3793 | D:5      | Reached skill level 1 in Stealth
  3793 | D:5      | Reached XP level 7. HP: 6/52 MP: 7/7
  4313 | D:5      | Found a glowing drain.
  4337 | Sewer    | Entered a sewer
  4553 | Sewer    | Reached XP level 8. HP: 58/58 MP: 8/8
  4611 | Sewer    | Reached skill level 3 in Axes
  5333 | D:5      | Reached ** piety under Qazlal
  5706 | D:6      | Noticed Grinder
  5715 | D:6      | Killed Grinder
  5831 | D:6      | Reached skill level 4 in Axes
  5831 | D:6      | Reached XP level 9. HP: 40/65 MP: 9/9
  6688 | D:7      | Reached skill level 5 in Polearms
  6860 | D:7      | Found a one-way gate to the infinite horrors of the Abyss.
  6863 | D:7      | Found a corrupted altar of Lugonu.
  7511 | D:7      | Reached skill level 5 in Axes
  7771 | D:8      | Reached *** piety under Qazlal
  7774 | D:8      | Reached skill level 6 in Axes
  7778 | D:8      | Reached skill level 5 in Dodging
  8073 | D:8      | HP: 3/67 [killer bee (8)]
  8080 | D:8      | HP: 5/100 [poisoned by a killer bee]
  8080 | D:8      | Slain by a killer bee

Illustrated notes

Levels and vault maps discovered:
D:1:      dpeg_arrival_snail, layout_basic, moated_statue
D:2:      layout_basic, chequers_decorated_corner
D:3:      layout_basic, serial_bayou, serial_bayou_lake_a, serial_bayou_ford_a,
          serial_bayou_shore_b, serial_bayou_pond_a,
          chequers_serial_rivers_micro_c, amcnicky_mini_corridor_feature,
          serial_bayou_pond_b
D:4:      kennysheep_goblin_castle, layout_layer_cave, kennysheep_mini_moat,
          minmay_temple_entry_waves
D:5:      layout_basic, portal_sewer_entry_f, grunt_ministairs_4,
          minmay_tree_intersection, bh_walls_and_bars, uniq_pikel
D:6:      layout_gridville, uniq_grinder
D:7:      layout_rooms, amcnicky_altar_lugonu_corruption
D:8:      layout_basic
Temple:   nicolae_temple_bog_church

Skill      XL: |  1  2  3  4  5  6  7  8  9 |
---------------+----------------------------+-----
Dodging        | 3 4 5 |  5.0
Throwing       | 2 3 |  3.9
Short Blades   | 1 |  1.3
Long Blades    | 4 |  4.4
Polearms       | 1 3 4 5 |  5.4
Armour         | 2 3 |  3.7
Fighting       | 3 4 |  4.9
Axes           | 2 4 6 |  6.3
Stealth        | 1 2 |  2.3
Shields        | |  0.7
Invocations    | |  0.3

Action                     |  1- 3 |  4- 6 |  7- 9 || total
---------------------------+-------+-------+-------++-------
  Melee: Dagger            |    29 |       |       ||    29
         Long sword        |    33 |    34 |       ||    67
         Trident           |     2 |    76 |   158 ||   236
         Hand axe          |       |    32 |   134 ||   166
  Throw: Throwing net      |       |       |     4 ||     4
         Dart              |       |       |    25 ||    25
 Invoke: Upheaval          |       |       |     2 ||     2
    Use: Scroll            |       |       |     8 ||     8
         Potion            |       |       |     7 ||     7
   Stab: Sleeping          |     1 |     3 |       ||     4
         Held in net/web   |       |       |     1 ||     1
 Armour: Leather armour    |    16 |    48 |   133 ||   197
         Skin              |       |       |    15 ||    15
  Dodge: Dodged            |    20 |    83 |   162 ||   265
  Block: Other             |       |       |    19 ||    19

Table legend: (Time is in decaauts)
 A = Elapsed time spent in this place.
 B = Non-inter-level travel time spent in this place.
 C = Inter-level travel time spent in this place.
 D = Time resting spent in this place.
 E = Time spent auto-exploring this place.
 F = Levels seen in this place.
 G = Mean time per level.
                   A        B        C        D        E       F      G
               +--------+--------+--------+--------+--------+-----+--------+
         Total |   8211 |   8003 |    208 |      0 |   6746 |  10 |  821.1 |
       Dungeon |   7684 |   7476 |    208 |      0 |   6439 |   8 |  960.5 |
        Temple |     33 |     33 |      0 |      0 |      0 |   1 |   33.0 |
         Sewer |    493 |    493 |      0 |      0 |    307 |   1 |  493.0 |
               +--------+--------+--------+--------+--------+-----+--------+

Top non-repeatable levels by time:
     D:5: 1528 daAuts
     D:4: 1274 daAuts
     D:3: 1192 daAuts
     D:7: 980 daAuts
     D:6: 973 daAuts
     D:2: 688 daAuts
     D:1: 630 daAuts
   Sewer: 493 daAuts
     D:8: 416 daAuts
  Temple: 33 daAuts
